| TOP OF THE 1ST |
|
Syracuse Chiefs batting - Pitching for El Paso Chihuahuas : RHP Tom Ackerman
|
|
Pitching: RHP Tom Ackerman
|
|
|
Batting: RHB Jim Miske
|
0-0: Called Strike 0-1: Called Strike 0-2: Ball 1-2: Strikes out swinging, 2-3 out at first.
|
|
Batting: LHB Alexis Cantu
|
0-0: Ball 1-0: Called Strike 1-1: Ball 2-1: Swinging Strike 2-2: Strikes out swinging
|
|
Batting: LHB Kyung-jin Cho
|
0-0: SINGLE (Groundball, P, EV 87.5 MPH) (infield hit)
|
|
Batting: LHB Jae-ik Soung
|
0-0: Called Strike 0-1: Called Strike 0-2: Strikes out swinging
|
| Top of the 1st over - 0 runs, 1 hit, 0 errors, 1 left on base; Syracuse 0 - El Paso 0 |
| BOTTOM OF THE 1ST |
|
El Paso Chihuahuas batting - Pitching for Syracuse Chiefs : LHP Harry Osborne
|
|
Pitching: LHP Harry Osborne
|
|
|
Batting: RHB Lamberto Amicis
|
0-0: Swinging Strike 0-1: Called Strike 0-2: Strikes out swinging
|
|
Batting: RHB Andy Sheridan
|
0-0: Ball 1-0: Ball 2-0: Ball 3-0: Base on Balls
|
|
Batting: RHB Chase Briney
|
0-0: Foul Ball, location: 2F 0-1: Ball 1-1: Foul Ball, location: 2F 1-2: Foul Ball, location: 2F 1-2: Ball 2-2: Foul Ball, location: 2F 2-2: Ball 3-2: Strikes out looking
|
|
Batting: RHB Roberto Lemus
|
0-0: Ground out 4-3 (Groundball, 4, EV 106.9 MPH)
|
| Bottom of the 1st over - 0 runs, 0 hits, 0 errors, 1 left on base; Syracuse 0 - El Paso 0 |
| TOP OF THE 2ND |
|
Syracuse Chiefs batting - Pitching for El Paso Chihuahuas : RHP Tom Ackerman
|
|
Batting: RHB Mike Buchanan
|
0-0: Ball 1-0: Called Strike 1-1: Called Strike 1-2: Ball 2-2: SINGLE (Flyball, 5D, EV 92.5 MPH)
|
|
Batting: LHB Doug Anderson
|
0-0: Swinging Strike 0-1: Ball 1-1: Ball 2-1: Ball 3-1: SINGLE (Groundball, 13, EV 86.2 MPH) (infield hit) Mike Buchanan to second
|
|
Batting: RHB Gabe Almazan
|
0-0: Ball 1-0: Ball 2-0: Ball Mike Buchanan steals 3rd base 3-0: Called Strike 3-1: Foul Ball, location: 2F 3-2: Fly out, F8 (Flyball, 8RD, EV 76.9 MPH) Runner from 3rd tags up, SCORES, throw by CF
|
|
Batting: LHB Tom Reynolds
|
0-0: SINGLE (Groundball, 4, EV 98.1 MPH) Doug Anderson to second
|
|
Batting: RHB Rafael Medina
|
0-0: Fielders Choice at 2nd, 4-6 (Groundball, 4, EV 85.0 MPH) Doug Anderson to third
|
|
Batting: RHB Jim Miske
|
0-0: Called Strike Rafael Medina steals 2nd base 0-1: Ball 1-1: Foul Ball, location: 2F 1-2: Foul Ball, location: 2F 1-2: Ground out 6-3 (Groundball, 6, EV 76.9 MPH)
|
| Top of the 2nd over - 1 run, 3 hits, 0 errors, 2 left on base; Syracuse 1 - El Paso 0 |
| BOTTOM OF THE 2ND |
|
El Paso Chihuahuas batting - Pitching for Syracuse Chiefs : LHP Harry Osborne
|
|
Batting: LHB Hugo MacBeth
|
0-0: Ball 1-0: Ground out 4-3 (Groundball, 4, EV 88.1 MPH)
|
|
Batting: RHB Kiril Emeshin
|
0-0: Ball 1-0: Called Strike 1-1: Called Strike 1-2: Foul Ball, location: 2F 1-2: Fly out, F8 (Flyball, 78S, EV 90.0 MPH)
|
|
Batting: RHB Matt Fabre
|
0-0: Ball 1-0: Called Strike 1-1: Ball 2-1: Ball 3-1: Base on Balls
|
|
Batting: LHB Anthony Mosley
|
0-0: Ground out 4-3 (Groundball, 4, EV 91.9 MPH)
|
| Bottom of the 2nd over - 0 runs, 0 hits, 0 errors, 1 left on base; Syracuse 1 - El Paso 0 |
| TOP OF THE 3RD |
|
Syracuse Chiefs batting - Pitching for El Paso Chihuahuas : RHP Tom Ackerman
|
|
Batting: LHB Alexis Cantu
|
0-0: Ball 1-0: Foul Ball, location: 2F 1-1: Swinging Strike 1-2: Foul Ball, location: 2F 1-2: Strikes out looking
|
|
Batting: LHB Kyung-jin Cho
|
0-0: Called Strike 0-1: Called Strike 0-2: Strikes out swinging
|
|
Batting: LHB Jae-ik Soung
|
0-0: Ball 1-0: Ball 2-0: Ball 3-0: Called Strike 3-1: Called Strike 3-2: Foul Ball, location: 2F 3-2: Foul Ball, location: 2F 3-2: Base on Balls
|
|
Batting: RHB Mike Buchanan
|
0-0: Ball 1-0: Called Strike 1-1: Swinging Strike 1-2: Ball 2-2: Fly out, F9 (Flyball, 9LMF, EV 111.2 MPH)
|
| Top of the 3rd over - 0 runs, 0 hits, 0 errors, 1 left on base; Syracuse 1 - El Paso 0 |
| BOTTOM OF THE 3RD |
|
El Paso Chihuahuas batting - Pitching for Syracuse Chiefs : LHP Harry Osborne
|
|
Batting: RHB Ryan Tatum
|
0-0: Foul Ball, location: 2F 0-1: Ball 1-1: Ball 2-1: Called Strike 2-2: Foul Ball, location: 2F 2-2: Strikes out swinging
|
|
Batting: RHB Lamberto Amicis
|
0-0: Called Strike 0-1: Foul Ball, location: 2F 0-2: Strikes out looking
|
|
Batting: RHB Andy Sheridan
|
0-0: Ground out 4-3 (Groundball, 4M, EV 85.6 MPH)
|
| Bottom of the 3rd over - 0 runs, 0 hits, 0 errors, 0 left on base; Syracuse 1 - El Paso 0 |
| TOP OF THE 4TH |
|
Syracuse Chiefs batting - Pitching for El Paso Chihuahuas : RHP Tom Ackerman
|
|
Batting: LHB Doug Anderson
|
0-0: Swinging Strike 0-1: Foul Ball, location: 2F 0-2: Ball 1-2: Foul Ball, location: 2F 1-2: Ball 2-2: Strikes out swinging
|
|
Batting: RHB Gabe Almazan
|
0-0: Called Strike 0-1: Foul Ball, location: 2F 0-2: Ground out 5-3 (Groundball, 56, EV 90.6 MPH)
|
|
Batting: LHB Tom Reynolds
|
0-0: Ball 1-0: Ball 2-0: Ball 3-0: Base on Balls
|
|
Batting: RHB Rafael Medina
|
0-0: Ball 1-0: Ball Tom Reynolds steals 2nd base 2-0: Called Strike 2-1: Ball 3-1: Ground out U3 (Groundball, 34, EV 92.5 MPH)
|
| Top of the 4th over - 0 runs, 0 hits, 0 errors, 1 left on base; Syracuse 1 - El Paso 0 |
| BOTTOM OF THE 4TH |
|
El Paso Chihuahuas batting - Pitching for Syracuse Chiefs : LHP Harry Osborne
|
|
Batting: RHB Chase Briney
|
0-0: Called Strike 0-1: Ball 1-1: SINGLE (Groundball, 6MD, EV 105.0 MPH)
|
|
Batting: RHB Roberto Lemus
|
0-0: Ball 1-0: Ball 2-0: Foul Ball, location: 2F 2-1: Ball 3-1: Foul Ball, location: 2F 3-2: Base on Balls Chase Briney to second
|
|
Batting: LHB Hugo MacBeth
|
0-0: Ball 1-0: Ball 2-0: Foul Ball, location: 2F 2-1: Grounds into double play, 6-4-3 (Groundball, 6, EV 83.8 MPH) Chase Briney to third
|
|
Batting: RHB Kiril Emeshin
|
0-0: Ground out 6-3 (Groundball, 6, EV 104.4 MPH)
|
| Bottom of the 4th over - 0 runs, 1 hit, 0 errors, 1 left on base; Syracuse 1 - El Paso 0 |
| TOP OF THE 5TH |
|
Syracuse Chiefs batting - Pitching for El Paso Chihuahuas : RHP Tom Ackerman
|
|
Batting: RHB Jim Miske
|
0-0: Called Strike 0-1: Ball 1-1: Ball 2-1: Ball 3-1: Base on Balls
|
|
Pitching: RHP Andy Temples
|
|
|
Batting: LHB Alexis Cantu
|
0-0: Ball 1-0: Ball 2-0: Ball 3-0: Foul Ball, location: 2F 3-1: Base on Balls Jim Miske to second
|
|
Batting: LHB Kyung-jin Cho
|
0-0: Ball 1-0: Ball 2-0: Called Strike 2-1: Swinging Strike 2-2: Strikes out looking
|
|
Batting: LHB Jae-ik Soung
|
0-0: Called Strike Jim Miske steals 3rd base 0-1: Ball 1-1: Foul Ball, location: 2F 1-2: Foul Ball, location: 2F 1-2: Foul Ball, location: 2F 1-2: Foul Ball, location: 2F 1-2: Ball 2-2: Strikes out swinging
|
|
Batting: RHB Mike Buchanan
|
0-0: TRIPLE (Flyball, 9D, EV 108.8 MPH) Jim Miske scores Alexis Cantu scores
|
|
Batting: LHB Doug Anderson
|
0-0: Ball 1-0: Ball 2-0: Called Strike 2-1: SINGLE (Groundball, 3D, EV 93.8 MPH) Mike Buchanan scores
|
|
Batting: RHB Gabe Almazan
|
0-0: Called Strike 0-1: Called Strike 0-2: Ball 1-2: Foul Ball, location: 2F 1-2: Ball 2-2: Foul Ball, location: 2F 2-2: Ball Doug Anderson is caught stealing 2nd base 2-4
|
| Top of the 5th over - 3 runs, 2 hits, 0 errors, 0 left on base; Syracuse 4 - El Paso 0 |
| BOTTOM OF THE 5TH |
|
El Paso Chihuahuas batting - Pitching for Syracuse Chiefs : LHP Harry Osborne
|
|
Batting: RHB Matt Fabre
|
0-0: Called Strike 0-1: Ball 1-1: Ball 2-1: Swinging Strike 2-2: Ground out 1-3 (Groundball, P, EV 70.6 MPH)
|
|
Batting: LHB Anthony Mosley
|
0-0: Ball 1-0: Ball 2-0: Called Strike 2-1: SINGLE (Groundball, 4M, EV 96.9 MPH) (infield hit)
|
|
Batting: RHB Ryan Tatum
|
0-0: Ball 1-0: Foul Ball, location: 2F 1-1: Foul Ball, location: 2F 1-2: SINGLE (Groundball, 4D, EV 98.1 MPH) Anthony Mosley to second Runner from 2nd tries for 3rd, SAFE, throw by CF made to third
|
|
Batting: RHB Lamberto Amicis
|
0-0: 3-RUN HOME RUN (Flyball, 7D, EV 99.4 MPH), Distance : 385 ft
|
|
Batting: RHB Andy Sheridan
|
0-0: Swinging Strike 0-1: Swinging Strike 0-2: Ground out 6-3 (Groundball, 6, EV 87.5 MPH)
|
|
Batting: RHB Chase Briney
|
0-0: Ground out 3-1 (Groundball, 34, EV 86.9 MPH)
|
| Bottom of the 5th over - 3 runs, 3 hits, 0 errors, 0 left on base; Syracuse 4 - El Paso 3 |
| TOP OF THE 6TH |
|
Syracuse Chiefs batting - Pitching for El Paso Chihuahuas : RHP Andy Temples
|
|
Batting: RHB Gabe Almazan
|
0-0: Called Strike 0-1: Ball 1-1: Reached on error, E5 (Groundball, 56, EV 81.9 MPH)
|
|
Batting: LHB Tom Reynolds
|
0-0: SINGLE (Groundball, 6MD, EV 96.2 MPH) Gabe Almazan to second
|
|
Batting: RHB Rafael Medina
|
0-0: Fielders Choice at 2nd, 4-6 (Groundball, 4, EV 102.5 MPH) Gabe Almazan to third
|
|
Batting: RHB Jim Miske
|
0-0: Ball 1-0: Called Strike 1-1: Ball 2-1: Ball 3-1: Foul Ball, location: 2F 3-2: Foul Ball, location: 2F 3-2: Base on Balls Rafael Medina to second
|
|
Batting: LHB Alexis Cantu
|
0-0: Swinging Strike 0-1: Ball 1-1: Called Strike 1-2: Ball 2-2: Strikes out swinging
|
|
Batting: LHB Kyung-jin Cho
|
0-0: Ball 1-0: Fly out, F8 (Flyball, 78D, EV 100.0 MPH)
|
| Top of the 6th over - 0 runs, 1 hit, 1 error, 3 left on base; Syracuse 4 - El Paso 3 |
| BOTTOM OF THE 6TH |
|
El Paso Chihuahuas batting - Pitching for Syracuse Chiefs : LHP Harry Osborne
|
|
Batting: RHB Roberto Lemus
|
0-0: Called Strike 0-1: Ball 1-1: Foul Ball, location: 2F 1-2: Strikes out swinging
|
|
Batting: LHB Hugo MacBeth
|
0-0: Ground out 6-3 (Groundball, 6, EV 82.5 MPH)
|
|
Batting: RHB Kiril Emeshin
|
0-0: Ball 1-0: Ball 2-0: Ball 3-0: Called Strike 3-1: Swinging Strike 3-2: Strikes out swinging
|
| Bottom of the 6th over - 0 runs, 0 hits, 0 errors, 0 left on base; Syracuse 4 - El Paso 3 |
| TOP OF THE 7TH |
|
Syracuse Chiefs batting - Pitching for El Paso Chihuahuas : RHP Andy Temples
|
|
Pitching: LHP Darby Jones
|
|
|
Batting: LHB Jae-ik Soung
|
0-0: Ball 1-0: Ball 2-0: Called Strike 2-1: Fly out, F7 (Line Drive, 7, EV 96.9 MPH)
|
|
Pitching: RHP Adrian de la Cerda
|
|
|
Batting: RHB Mike Buchanan
|
0-0: Ground out 6-3 (Groundball, 6, EV 79.4 MPH)
|
|
Batting: LHB Doug Anderson
|
0-0: Ball 1-0: Ball 2-0: Foul Ball, location: 2F 2-1: Ball 3-1: Foul Ball, location: 2F 3-2: Strikes out swinging
|
| Top of the 7th over - 0 runs, 0 hits, 0 errors, 0 left on base; Syracuse 4 - El Paso 3 |
| BOTTOM OF THE 7TH |
|
El Paso Chihuahuas batting - Pitching for Syracuse Chiefs : LHP Harry Osborne
|
|
Batting: RHB Matt Fabre
|
0-0: Ball 1-0: Ground out 6-3 (Groundball, 56, EV 86.2 MPH)
|
|
Batting: LHB Anthony Mosley
|
0-0: Ball 1-0: Called Strike 1-1: SINGLE (Groundball, 34D, EV 100.6 MPH)
|
|
Batting: RHB Ryan Tatum
|
0-0: Called Strike 0-1: Ball 1-1: Ball 2-1: Foul Ball, location: 2F 2-2: Foul Ball, location: 2F 2-2: Fly out, F7 (Flyball, 7LS, EV 85.6 MPH)
|
|
Batting: RHB Lamberto Amicis
|
0-0: Ball 1-0: Fly out, F9 (Flyball, 89M, EV 82.5 MPH)
|
| Bottom of the 7th over - 0 runs, 1 hit, 0 errors, 1 left on base; Syracuse 4 - El Paso 3 |
| TOP OF THE 8TH |
|
Syracuse Chiefs batting - Pitching for El Paso Chihuahuas : RHP Adrian de la Cerda
|
|
Batting: RHB Gabe Almazan
|
0-0: SINGLE (Line Drive, 9S, EV 104.4 MPH)
|
|
Batting: LHB Tom Reynolds
|
0-0: Bunt missed! 0-1: Sac Bunt to 23 - play at first, batter OUT! 3-4 Gabe Almazan to second
|
|
Batting: RHB Rafael Medina
|
0-0: Ball 1-0: Ball 2-0: Foul Ball, location: 2F 2-1: Swinging Strike 2-2: Foul Ball, location: 2F 2-2: Ball 3-2: Base on Balls
|
|
Batting: RHB Jim Miske
|
0-0: Swinging Strike 0-1: Grounds into double play, 6-4-3 (Groundball, 6, EV 89.4 MPH)
|
| Top of the 8th over - 0 runs, 1 hit, 0 errors, 1 left on base; Syracuse 4 - El Paso 3 |
| BOTTOM OF THE 8TH |
|
El Paso Chihuahuas batting - Pitching for Syracuse Chiefs : LHP Harry Osborne
|
|
Batting: RHB Andy Sheridan
|
0-0: Called Strike 0-1: Ball 1-1: Ball 2-1: Ball 3-1: Foul Ball, location: 2F 3-2: Foul Ball, location: 2F 3-2: Base on Balls
|
|
Pitching: RHP Ruben Nevarel
|
|
|
Batting: RHB Chase Briney
|
0-0: Ball 1-0: Called Strike 1-1: Ball 2-1: Grounds into double play, 6-4-3 (Groundball, 6, EV 84.4 MPH)
|
|
Batting: RHB Roberto Lemus
|
0-0: Ball 1-0: SOLO HOME RUN (Line Drive, 7LD, EV 99.4 MPH), Distance : 378 ft
|
|
Batting: LHB Hugo MacBeth
|
0-0: Ground out 5-3 (Groundball, 56, EV 104.4 MPH)
|
| Bottom of the 8th over - 1 run, 1 hit, 0 errors, 0 left on base; Syracuse 4 - El Paso 4 |
| TOP OF THE 9TH |
|
Syracuse Chiefs batting - Pitching for El Paso Chihuahuas : RHP Adrian de la Cerda
|
|
Pitching: RHP Ching Ge
|
|
|
Batting: LHB Alexis Cantu
|
0-0: Called Strike 0-1: Swinging Strike 0-2: Ball 1-2: Ball 2-2: Foul Ball, location: 2F 2-2: Ball 3-2: Strikes out swinging
|
|
Batting: LHB Kyung-jin Cho
|
0-0: Called Strike 0-1: Foul Ball, location: 2F 0-2: Ground out U3 (Groundball, 34, EV 102.5 MPH)
|
|
Batting: LHB Jae-ik Soung
|
0-0: Foul Ball, location: 2F 0-1: Called Strike 0-2: Foul Ball, location: 2F 0-2: Ball 1-2: Ground out 4-3 (Groundball, 4, EV 101.2 MPH)
|
| Top of the 9th over - 0 runs, 0 hits, 0 errors, 0 left on base; Syracuse 4 - El Paso 4 |
| BOTTOM OF THE 9TH |
|
El Paso Chihuahuas batting - Pitching for Syracuse Chiefs : RHP Ruben Nevarel
|
|
Batting: RHB Kiril Emeshin
|
0-0: Called Strike 0-1: Foul Ball, location: 2F 0-2: Strikes out swinging
|
|
Batting: RHB Matt Fabre
|
0-0: Ball 1-0: Ball 2-0: Ground out 4-3 (Groundball, 4, EV 85.6 MPH)
|
|
Batting: LHB Anthony Mosley
|
0-0: Ball 1-0: Ball 2-0: Swinging Strike 2-1: Ball 3-1: Base on Balls
|
|
Batting: SHB Blake Abbott
|
0-0: Fly out, F9 (Flyball, 9S, EV 72.5 MPH)
|
| Bottom of the 9th over - 0 runs, 0 hits, 0 errors, 1 left on base; Syracuse 4 - El Paso 4 |
| TOP OF THE 10TH |
|
Syracuse Chiefs batting - Pitching for El Paso Chihuahuas : RHP Ching Ge
|
|
Batting: RHB Mike Buchanan
|
0-0: Ball 1-0: Fly out, F7 (Flyball, 7D, EV 103.8 MPH)
|
|
Batting: LHB Doug Anderson
|
0-0: Ball 1-0: Ball 2-0: Ball 3-0: Ground out U3 (Groundball, 3S, EV 86.9 MPH)
|
|
Batting: RHB Gabe Almazan
|
0-0: Called Strike 0-1: Ball 1-1: Ball 2-1: Foul Ball, location: 2F 2-2: SINGLE (Line Drive, 5D, EV 108.1 MPH)
|
|
Batting: LHB Tom Reynolds
|
0-0: Ball Wild Pitch! Gabe Almazan to second 1-0: Intentional Walk
|
|
Batting: RHB Rafael Medina
|
0-0: Ground out 3-1 (Groundball, 34, EV 80.6 MPH)
|
| Top of the 10th over - 0 runs, 1 hit, 0 errors, 2 left on base; Syracuse 4 - El Paso 4 |
| BOTTOM OF THE 10TH |
|
El Paso Chihuahuas batting - Pitching for Syracuse Chiefs : RHP Ruben Nevarel
|
|
Pitching: LHP Kerry Baty
|
|
|
Batting: RHB Lamberto Amicis
|
0-0: SINGLE (Groundball, 6MD, EV 96.2 MPH)
|
|
Batting: RHB Andy Sheridan
|
0-0: Ball 1-0: Ball 2-0: Ball 3-0: Base on Balls Lamberto Amicis to second
|
|
Batting: RHB Chase Briney
|
0-0: Called Strike 0-1: SINGLE (Groundball, 56D, EV 102.5 MPH) Lamberto Amicis to third Andy Sheridan to second
|
|
Batting: RHB Roberto Lemus
|
0-0: Called Strike 0-1: Fly out, F9 (Line Drive, 9, EV 93.1 MPH)
|
|
Pinch Hitting: RHB Eric Sandell
|
0-0: Ball 1-0: Ball 2-0: Swinging Strike 2-1: Ball 3-1: Base on Balls Lamberto Amicis scores Andy Sheridan to third Chase Briney to second
|
| Bottom of the 10th over - 1 run, 2 hits, 0 errors, 3 left on base; Syracuse 4 - El Paso 5 |
|